 Dungeon Crawl Stone Soup version 0.29.0-4-gdea44cf6ec (webtiles) character file.

Game seed: 12715045903299344678

2 qw the Caller (level 1, -3/14 HPs)
             Began as a Ghoul Summoner on Sept 10, 2022.
             Slain by a quokka (4 damage)
             ... on level 1 of the Dungeon.
             The game lasted 00:00:04 (449 turns).

qw the Caller (Ghoul Summoner)                       Turns: 449, Time: 00:00:04

Health: -3/14      AC:  2    Str: 11    XL:     1   Next: 40%
Magic:  0/2        EV: 12    Int: 10    God:
Gold:   0          SH:  0    Dex:  9    Spells: 2/3 levels left

rFire   . . .      SeeInvis .   (no weapon)
rCold   + . .      Faith    .   (no shield)
rNeg    + + +      Spirit   .   a - +0 robe
rPois   inf        Reflect  .   (no helmet)
rElec   .          Harm     .   (no cloak)
rCorr   .          Rampage  .   (no gloves)
Will    .....                   (no boots)
Stlth   ++........              (no amulet)
HPRegen 0.00/turn               (no ring)
MPRegen 0.08/turn               (no ring)

@: inhibited regen
A: claws 1, cold resistance 1, negative energy resistance 3, inhibited
regeneration, torment resistance 2, devour on kill
a: no special abilities


You were on level 1 of the Dungeon.
You visited 1 branch of the dungeon, and saw 1 of its levels.


Innate Abilities, Weirdness & Mutations

You are immune to poison.
You have sharp fingernails.
Your flesh is cold resistant. (rC+)
You are immune to negative energy. (rN+++)
You do not regenerate when monsters are visible.
You are immune to unholy pain and torment.
You thrive by killing the living.


   Skills:
 + Level 0.6 Axes
 - Level 1.7 Dodging
 - Level 2.1 Stealth
 - Level 1.7 Spellcasting
 - Level 3.6 Summonings


You had 2 spell levels left.
You knew the following spells:

 Your Spells              Type           Power      Damage    Failure   Level
a - Summon Small Mammal   Summ           32%        N/A       8%          1

Your spell library contained the following spells:

 Spells                   Type           Power      Damage    Failure   Level
 Call Imp                 Summ           8%         N/A       11%         2
 Call Canine Familiar     Summ           8%         N/A       22%         3
 Summon Guardian Golem    Hex/Summ       4%         N/A       43%         3
 Summon Lightning Spire   Summ/Air       4%         N/A       83%         4

Inventory:

Armour
 a - a +0 robe (worn)
Potions
 b - a potion of magic
 c - a potion of degeneration {unknown}

Dungeon Overview and Level Annotations

Branches:
Dungeon (1/15)

Altars:


Message History

The quokka closely misses you.
You closely miss the quokka. The quokka misses you.
You scratch the quokka but do no damage.
The quokka bites you.
You miss the quokka. The quokka barely misses you.
You closely miss the quokka. The quokka closely misses you.
440 ||| CASTING Summon Small Mammal
Casting: Summon Small Mammal (safe; 8% risk of failure)
Confirm with . or Enter, or press ? or * to list all spells.
You miscast Summon Small Mammal.
You are very lightly contaminated with residual magic.
Nothing appears to happen.
The quokka bites you. The quokka misses you.
You closely miss the quokka. The quokka misses you.
You scratch the quokka but do no damage.
The quokka bites you.
You closely miss the quokka. The quokka misses you.
You closely miss the quokka. The quokka misses you.
You scratch the quokka but do no damage.
The quokka closely misses you. x2
You scratch the quokka.
The quokka is moderately wounded.
The quokka bites you.
Your magical contamination has completely faded away.
You scratch the quokka.
The quokka is heavily wounded.
The quokka misses you.
You scratch the quokka.
The quokka is severely wounded.
The quokka barely misses you.
You completely miss the quokka.
The quokka is heavily wounded.
The quokka bites you.
You die...

#.....#.....#
........#..##.##
.##8###8##.##..#
#. ..#..###.# ..
.....# #.# #.
..### #.# ..
.... #.### #.##
#.rr# ###@# #r.#
....# ...#.#
....#..
.....##..
#.....# .>.
+...... ..#.


You could see a quokka (ally target) and 2 friendly rats.

Vanquished Creatures
  A dart slug (D:1)
1 creature vanquished.

Notes
Turn   | Place    | Note
-------+----------+-------------------------------------------
     0 | D:1      | qw the Ghoul Summoner began the quest for the Orb.
     0 | D:1      | Reached XP level 1. HP: 14/14 MP: 2/2
     0 | D:1      | 0 ||| qw: Version: 0.1-a-116-g5d60599
     0 | D:1      | 0 ||| qw: Game counter: 7543
     0 | D:1      | 0 ||| qw: Always use a shield: true
     0 | D:1      | 0 ||| qw: God list: Okawaru
     0 | D:1      | 0 ||| qw: Allow faded altars: false
     0 | D:1      | 0 ||| qw: Do Orc after D:15 true
     0 | D:1      | 0 ||| qw: Do second Lair branch before Depths: true
     0 | D:1      | 0 ||| qw: Lair rune preference: random
     0 | D:1      | 0 ||| qw: Plans: Normal
     0 | D:1      | 0 ||| PLANNING D:1-11
    16 | D:1      | 16 ||| Stepping ~*~*~tactically~*~*~ (hiding).
   118 | D:1      | 118 ||| Stepping ~*~*~tactically~*~*~ (hiding).
   220 | D:1      | 220 ||| Stepping ~*~*~tactically~*~*~ (hiding).
   322 | D:1      | 322 ||| Stepping ~*~*~tactically~*~*~ (hiding).
   424 | D:1      | 424 ||| Stepping ~*~*~tactically~*~*~ (hiding).
   427 | D:1      | 427 ||| CASTING Summon Small Mammal
   428 | D:1      | 428 ||| CASTING Summon Small Mammal
   440 | D:1      | 440 ||| CASTING Summon Small Mammal
   446 | D:1      | HP: 1/14 [quokka (3)]
   449 | D:1      | Slain by a quokka

Levels and vault maps discovered:
D:1:      scummos_arrival_simple_crosswalls, layout_basic, serial_shops,
          shop_statue, serial_glass, glass_columns_c, glass_columns_c,
          glass_columns_b, glass_columns_c, glass_columns_b, glass_columns_c,
          glass_columns_b, glass_columns_c

Action                   || total
-------------------------++-------
Melee: Unarmed           ||    17
 Cast: Summon Small Mamm ||     2
Armor: Robe              ||     1
Dodge: Dodged            ||    12

Table legend:
 A = Non-vault XP
 B = Vault XP
 C = Vault XP percentage of total XP
 D = Non-vault monster count
 E = Vault monster count
 F = Vault count percentage of total count
                 A         B        C        D         E       F
            +---------+---------+-------+---------+---------+-------
      Total |       4 |       0 |   0.0 |       1 |       0 |   0.0
            +---------+---------+-------+---------+---------+-------
        D:1 |       4 |       0 |   0.0 |       1 |       0 |   0.0
            +---------+---------+-------+---------+---------+-------
